 Dungeon Crawl Stone Soup version 0.23.0 (webtiles) character file.

Game seed: 7936853639608272801

7722 Monsterracer the Cleaver (level 11, -3/68 HPs)
             Began as a Gargoyle Fighter on Feb 8, 2019.
             Was a Priest of Okawaru.
             Slain by a vampire (4 damage)
             ... on level 10 of the Dungeon.
             The game lasted 00:08:40 (10125 turns).

Monsterracer the Cleaver (Gargoyle Fighter)        Turns: 10125, Time: 00:08:41

Health: -3/68      AC: 23    Str: 24    XL:     11   Next: 19%
Magic:  14/14      EV:  5    Int:  8    God:    Okawaru [***...]
Gold:   519        SH: 17    Dex:  9    Spells: 10/10 levels left

rFire    + . .     SeeInvis .   a - +1 broad axe (pain)
rCold    . . .     Gourm    .   m - +0 large shield
rNeg     + . .     Faith    .   s - +1 chain mail {rF+}
rPois    ∞         Spirit   .   (no helmet)
rElec    +         Reflect  .   n - +2 cloak
rCorr    .         Harm     .   (no gloves)
MR       +....                  (no boots)
Stlth    ..........             (no amulet)
HPRegen  0.21/turn              i - +2 ring of slaying
MPRegen  0.14/turn              M - ring of protection from magic

@: no status effects
A: negative energy resistance 1, electricity resistance, unbreathing,
petrification resistance, rot immunity, AC +8
a: Heroism, Renounce Religion


You were on level 10 of the Dungeon.
You worshipped Okawaru.
Okawaru was most pleased with you.
You were near starving.

You visited 2 branches of the dungeon, and saw 11 of its levels.

You collected 519 gold pieces.

Inventory:

Hand Weapons
 a - a +1 broad axe of pain (weapon)
 b - a +3 flail of protection
 d - the cursed +0 whip "Oviotus" {venom, rPois rC+, unknown}
   (You found it on level 8 of the Dungeon)

   It poisons the flesh of those it strikes.
   It protects you from cold.
   It protects you from poison.
   It has a curse placed upon it.
Armour
 m - a +0 large shield (worn)
 n - a +2 cloak (worn)
 s - a +1 chain mail of fire resistance (worn)
Jewellery
 i - a +2 ring of slaying (left hand)
 x - an uncursed ring of flight
 M - a ring of protection from magic (right hand)
Wands
 w - a wand of acid (5)
Scrolls
 r - 2 scrolls of remove curse
 t - 6 scrolls of teleportation
 v - 4 scrolls of magic mapping
Potions
 e - 4 potions of curing
 f - 2 potions of brilliance {unknown}
 g - 4 potions of magic
 h - a potion of lignification
 j - 2 potions of cancellation {unknown}
 k - 2 potions of flight {unknown}
 o - 3 potions of heal wounds {unknown}
 p - 2 potions of haste
 q - a potion of mutation {unknown}
 u - a potion of resistance {unknown}
 z - a potion of agility {unknown}
Comestibles
 c - 19 rations


   Skills:
 + Level 8.2 Fighting
 * Level 10.6 Axes
 + Level 8.2 Armour
 + Level 8.2 Shields
 + Level 4.4 Invocations


You had 10 spell levels left.
You didn't know any spells.
Your spell library contained the following spells:

 Spells                   Type           Power        Failure   Level  Hunger
 Confusing Touch          Hex            #.....       100%        1    ##.....
 Corona                   Hex            #......      100%        1    ##.....
 Magic Dart               Conj           #...         100%        1    ##.....
 Sandblast                Erth           #.....       100%        1    ##.....
 Blink                    Tloc           N/A          100%        2    ###....
 Call Imp                 Summ           #.......     100%        2    ###....
 Passwall                 Tmut/Erth      #.......     100%        2    ###....
 Slow                     Hex            #.......     100%        2    ###....
 Confuse                  Hex            #.......     100%        3    ####...
 Conjure Flame            Conj/Fire      #.......     100%        3    ####...
 Gell's Gravitas          Tloc           #.........   100%        3    ####...
 Inner Flame              Hex/Fire       #.......     100%        3    ####...
 Mephitic Cloud           Conj/Pois/Air  #.......     100%        3    ####...
 Portal Projectile        Hex/Tloc       #.....       100%        3    ####...
 Stone Arrow              Conj/Erth      #.....       100%        3    ####...
 Cause Fear               Hex            #.........   100%        4    #####..
 Leda's Liquefaction      Hex/Erth       #.........   100%        4    #####..
 Petrify                  Tmut/Erth      #.......     100%        4    #####..
 Lee's Rapid Deconstruct  Erth           #.........   100%        5    ######.
 Metabolic Englaciation   Hex/Ice        #.........   100%        5    ######.
 Yara's Violent Unravell  Hex/Tmut       #.........   100%        5    ######.


Dungeon Overview and Level Annotations

Branches:
Dungeon (10/15)            Temple (1/1) D:7
   Lair: D:8-11         Orc: D:9-12

Altars:
Ashenzari
Cheibriados
Dithmenos
Elyvilon
Fedhas
Gozag
Hepliaklqana
Kikubaaqudgha
Makhleb
Nemelex Xobeh
Okawaru
Qazlal
Ru
Sif Muna
Trog
Uskayaw
Vehumet
Wu Jian
Xom
Yredelemnul
Zin
The Shining One

Shops:
D:5 *   D:8 [


Innate Abilities, Weirdness & Mutations

You are resistant to torment.
Your stone body is resilient. (AC +8)
You are immune to poison.
You resist negative energy. (rN+)
You are resistant to electric shocks. (rElec)
You can survive without breathing.
You are immune to petrification.
You are immune to rotting.


Message History

You slice the hound!!
You kill the hound!
Okawaru accepts your kill.
The centaur shoots an arrow.
The arrow hits you but does no damage.
The centaur shoots an arrow.
You block the arrow.
The centaur unwields a +4 shortbow.
The centaur hits you.
A jelly comes into view.
Found 25 gold pieces.
You take 2 damage, and have 66/68 hp.
You slash the centaur!
The centaur is moderately wounded.
The centaur hits you but does no damage.
The centaur completely misses you.
Your shield prevents you from hitting the centaur.
The centaur is moderately wounded.
You hit something but do no damage.
The centaur hits you but does no damage. x2
Something hits you but does no damage. Something bites you but does no damage.
You slice the centaur!!
You kill the centaur!
Okawaru accepts your kill.
You hit something. You slash the jelly!
Your hands burn!
You block the jelly's attack. You block something's attack.
Something bites you but does no damage.
You take 1 damage, and have 66/68 hp.
The jelly hits you but does no damage. Something hits you. Something bites you.
Items here: $ ( ) ? † a +4 shortbow; 2 arrows; a scroll of teleportation; 15 gold pieces a centaur corpse You take 4 damage, and have 62/68 hp.
You hit the jelly.
Your hands burn!
The jelly is almost dead.
You miss something. You block the jelly's attack.
Something hits you but does no damage. Something bites you but does no damage.
You take 1 damage, and have 61/68 hp.
You slice the jelly!!
You kill the jelly!
Okawaru accepts your kill.
You miss something. Something hits you but does no damage.
You block something's attack.
No target in view!
You block something's attack. Something bites you.
You take 4 damage, and have 57/68 hp.
No target in view!
No target in view!
Your chain mail prevents you from hitting something.
Something hits you but does no damage. Something bites you. Something hits you.
Something bites you but does no damage.
You take 3 damage, and have 54/68 hp.
You closely miss something. Something hits you but does no damage.
Something bites you.
You take 4 damage, and have 50/68 hp.
You miss something. Something hits you but does no damage.
Something bites you but does no damage.
You closely miss something. Something hits you but does no damage.
Something bites you.
You take 4 damage, and have 46/68 hp.
You closely miss something. Something hits you but does no damage.
Something bites you. You block something's attack. Something bites you.
You take 6 damage, and have 40/68 hp.
Your shield prevents you from hitting something.
Something hits you. Something bites you but does no damage.
You miss something. Something hits you but does no damage. Something bites you.
You take 4 damage, and have 36/68 hp.
You closely miss something. You block something's attack. Something bites you.
You take 1 damage, and have 35/68 hp.
You miss something. Something hits you but does no damage.
Something bites you but does no damage. Something hits you but does no damage.
You block something's attack.
You miss something. Something hits you but does no damage. Something bites you.
You take 3 damage, and have 32/68 hp.
You closely miss something. Something hits you.
Something bites you but does no damage.
You take 2 damage, and have 30/68 hp.
You completely miss something. Something hits you but does no damage.
Something bites you!
You take 7 damage, and have 23/68 hp.
You closely miss something. Something hits you but does no damage.
You block something's attack.
Your chain mail prevents you from hitting something.
Something hits you but does no damage. Something bites you but does no damage.
Something hits you but does no damage. Something bites you.
You slash something! You block something's attack. Something bites you.
* * * LOW HITPOINT WARNING * * *
You take 3 damage, and have 20/68 hp.
You hit something but do no damage. Something hits you.
* * * LOW HITPOINT WARNING * * *
Something bites you but does no damage.
You take 1 damage, and have 19/68 hp.
You closely miss something. Something hits you!
* * * LOW HITPOINT WARNING * * *
Something bites you.
* * * LOW HITPOINT WARNING * * *
You take 13 damage, and have 6/68 hp.
You slice something!! Something hits you.
* * * LOW HITPOINT WARNING * * *
Something bites you but does no damage.
Something is infused with unholy energy, but nothing happens.
You take 5 damage, and have 1/68 hp.
You miss something. Something hits you.
You die...

#.....#...###.....
.# ##.....#...#
#..... #.#
##...#......#
###...
#..##....#.###..#
#...
##..............#
#...
#.....#(....#...#
#...
.......#(†.#.#...#
#.#.
##......()...#..
...##
....#..{@.......
#####
....#.##)(.)###.
... #...........
.......#.....#..
..###.#(###.# . .
#.. .# #. ... . #
##$ # .#


There were no monsters in sight!

Vanquished Creatures
  2 two-headed ogres (D:8)
  Pikel (D:4)
  A hornet (D:8)
  A hippogriff (D:9)
  A spriggan (D:7)
  Sigmund (D:4)
  A hungry ghost (D:9)
  Duvessa (D:5)
  Edmund (D:5)
  2 orc warriors (D:6)
  2 black bears
  A phantom (D:7)
  An ice beast (D:6)
  3 sky beasts
  4 ogres
  4 centaurs
  2 big kobolds (D:8)
  Dowan (D:5)
  2 scorpions
  A wyvern skeleton (D:10)
  6 killer bees (D:8)
  13 wights
  8 howler monkeys
  4 electric eels (D:8)
  5 crimson imps
  6 jellies
  2 bullfrog zombies
  2 centaur zombies
  8 orc priests
  5 hounds
  4 iguanas
  16 orc wizards
  A bullfrog skeleton (D:7)
  6 worker ants
  A killer bee zombie (D:8)
  A howler monkey zombie (D:7)
  A howler monkey skeleton (D:6)
  16 adders
  An ooze (D:2)
  An adder zombie (D:6)
  A worm (D:3)
  A dart slug (D:1)
  3 leopard geckos
  44 orcs
  5 giant cockroaches
  6 goblins
  6 hobgoblins
  2 quokkas
  2 ball pythons
  5 bats
  5 frilled lizards
  13 kobolds
  2 leopard gecko skeletons
  A quokka skeleton (D:5)
  4 rats
240 creatures vanquished.

Vanquished Creatures (others)
  A kobold (D:8)
  A quokka (D:7)
2 creatures vanquished.

Grand Total: 242 creatures vanquished

Notes
Turn   | Place    | Note
-------+----------+-------------------------------------------
     0 | D:1      | Monsterracer the Gargoyle Fighter began the quest for the
                  | Orb.
     0 | D:1      | Reached XP level 1. HP: 14/14 MP: 1/1
   115 | D:1      | Reached skill level 2 in Axes
   230 | D:1      | Reached XP level 2. HP: 19/19 MP: 2/2
  1010 | D:2      | Reached skill level 3 in Axes
  1010 | D:2      | Reached XP level 3. HP: 22/23 MP: 3/3
  1521 | D:2      | Reached XP level 4. HP: 14/28 MP: 4/4
  2007 | D:3      | Reached skill level 4 in Axes
  2414 | D:3      | Reached XP level 5. HP: 28/32 MP: 5/5
  2743 | D:4      | Noticed Sigmund
  2751 | D:4      | Killed Sigmund
  2751 | D:4      | Reached skill level 5 in Axes
  2751 | D:4      | Reached XP level 6. HP: 24/37 MP: 6/6
  2888 | D:4      | Noticed a black bear
  2899 | D:4      | Killed a black bear
  2899 | D:4      | Reached skill level 6 in Axes
  3204 | D:4      | Reached XP level 7. HP: 39/42 MP: 7/7
  3310 | D:4      | Identified the +1 leather armour of Evotegy {+Fly rElec
                  | rN+++ Dex-2}
  3565 | D:4      | Noticed Pikel
  3576 | D:4      | Killed Pikel
  3576 | D:4      | Reached skill level 7 in Axes
  3576 | D:4      | Reached XP level 8. HP: 46/48 MP: 8/8
  4100 | D:4      | Found a hazy altar of Hepliaklqana.
  4153 | D:5      | Entered Level 5 of the Dungeon
  4153 | D:5      | Found an opulent altar of Gozag.
  4153 | D:5      | Found Gozag's Platinum Reserve.
  4354 | D:5      | Noticed Edmund
  4379 | D:5      | Killed Edmund
  4379 | D:5      | Reached skill level 5 in Fighting
  4379 | D:5      | Reached skill level 5 in Armour
  4379 | D:5      | Reached skill level 5 in Shields
  4522 | D:5      | Noticed Duvessa
  4522 | D:5      | Noticed Dowan
  4535 | D:5      | Killed Duvessa
  4542 | D:5      | Killed Dowan
  4562 | D:5      | Reached skill level 8 in Axes
  4562 | D:5      | Reached XP level 9. HP: 35/54 MP: 9/9
  5060 | D:5      | Found an ornate altar of the Wu Jian Council.
  5706 | D:6      | Found Jalod's Gadget Shoppe.
  6054 | D:7      | Found a staircase to the Ecumenical Temple.
  6106 | D:6      | Reached skill level 9 in Axes
  6381 | Temple   | Entered the Ecumenical Temple
  6569 | Temple   | Became a worshipper of Warmaster Okawaru
  6792 | D:7      | Reached skill level 1 in Invocations
  6940 | D:7      | Found a white marble altar of Elyvilon.
  6968 | D:7      | Reached XP level 10. HP: 58/61 MP: 10/10
  7459 | D:8      | Noticed a two-headed ogre
  7474 | D:8      | Noticed a two-headed ogre
  7476 | D:8      | Killed a two-headed ogre
  7476 | D:8      | Reached * piety under Okawaru
  8070 | D:8      | Killed a two-headed ogre
  8070 | D:8      | Reached ** piety under Okawaru
  8070 | D:8      | Reached skill level 10 in Axes
  8756 | D:8      | Got a fine whip
  8761 | D:8      | Found Taax's Armour Boutique.
  9348 | D:9      | Reached XP level 11. HP: 68/68 MP: 13/13
  9406 | D:9      | Reached *** piety under Okawaru
  9729 | D:9      | Identified a scroll of acquirement
  9841 | D:9      | Found a stormy altar of Qazlal.
  9844 | D:9      | Found a sacrificial altar of Ru.
 10024 | D:10     | Entered Level 10 of the Dungeon
 10124 | D:10     | HP: 1/68 [something (6)]
 10125 | D:10     | Slain by a vampire

Skill      XL: |  1  2  3  4  5  6  7  8  9 10 11 |
---------------+----------------------------------+-----
Axes           | 2 3 4 5 6 7 8 9 10 | 10.6
Fighting       | 4 5 6 7 8 |  8.2
Armour         | 4 5 6 8 |  8.2
Shields        | 4 5 6 7 8 |  8.2
Invocations    | 1 3 4 |  4.4

Action                   |  1- 3 |  4- 6 |  7- 9 | 10-12 || total
-------------------------+-------+-------+-------+-------++-------
Melee: War axe           |   110 |   121 |   421 |   306 ||   958
       Broad axe         |       |       |       |    61 ||    61
Invok: Heroism           |       |       |       |     2 ||     2
  Use: Scroll            |       |     8 |     4 |     7 ||    19
       Potion            |       |       |     1 |     1 ||     2
  Eat: Chunk             |     2 |     6 |    12 |     4 ||    24
       Ration            |       |       |       |     2 ||     2
Armor: Scale mail        |    27 |       |       |       ||    27
       Chain mail        |    36 |    77 |    64 |   214 ||   391
       Plate armour      |       |       |   178 |       ||   178
Dodge: Dodged            |    34 |    29 |    65 |    74 ||   202
Block: Shield            |    45 |    73 |   245 |   177 ||   540
       Large shield      |       |       |       |    88 ||    88

Levels and vault maps discovered:
D:1:      wander_arrival_desolate, layout_loops_ring
D:2:      layout_basic, corexii_leaking_fountain,
          chequers_serial_rivers_large_b, serial_bayou_pond_d
D:3:      layout_loops_ring, first_ration
D:4:      layout_basic, kennysheep_little_box, grunt_ministairs_7,
          grunt_decor_mini_mirrors, minmay_misc_feat_tiny, solitary_fountain,
          uniq_pikel, uniq_sigmund
D:5:      layout_loops_ring, kennysheep_mini, nicolae_gozag_zags_fifth_avenue,
          uniq_edmund, uniq_duvessa
D:6:      minmay_spotlight, layout_rooms, serial_shops,
          nicolae_shop_window_shopping
D:7:      layout_loops_cross, minmay_temple_entry_steel_oval, the_bakery,
          elyvilon_altar_4
D:8:      layout_rooms, serial_shops, shop, serial_rivers,
          chequers_serial_rivers_large_a, chequers_serial_rivers_micro_e,
          chequers_serial_rivers_room_b, chequers_serial_rivers_micro_d,
          chequers_serial_rivers_room_b, chequers_serial_rivers_room_a,
          kennysheep_nub, disabler_island
D:9:      layout_loops_ring, minitemple
D:10:     hangedman_cross_stitches, layout_rooms, erik_lair_island,
          gammafunk_ghost_hydra_chop, uniq_harold
Temple:   eino_narrow_crystal_temple
